[Event "Team 45 45 League T65"]
[Site "Internet Chess Club"]
[Date "2015.07.09"]
[Round "6"]
[White "bayoumicardio10"]
[Black "tryanything"]
[Result "0-1"]
[WhiteElo "1609"]
[BlackElo "1616"]
[Opening "Scotch gambit: Dubois-Réti defense"]
[ECO "C55"]
[Time "20:00:03"]
[TimeControl "2700+45"]

1. e4 e5 2. Nf3 Nc6 3. d4 exd4 4. Bc4 Nf6 5. e5 d5 6. Bb5 Ne4 7. Nxd4 Bd7 8.
Bxc6 bxc6 9. O-O Bc5 10. f3 Ng5 11. f4 Ne6 12. Be3 Qe7 13. Nc3 O-O 14. f5 Nxd4
15. Bxd4 Bxd4+ 16. Qxd4 Qg5 17. f6 g6 18. Rf3 Rfe8 19. Re1 Rab8 20. Na4 a5 21.
a3 h5 22. Nc5 Bf5 23. Rxf5 Qxf5 24. Qe3 g5 25. Nd7 Rbd8 26. Rf1 Qg6 27. Nc5 d4
28. Qe2 Rd5 29. Nd3 c5 30. Qf3 c6 31. b3 a4 32. h4 axb3 33. cxb3 Rdxe5 34. Nxe5
Rxe5 35. Qxc6 gxh4 36. Qc7 Rg5 37. Qh2 Rg3 38. Qxh4 Rxg2+ 39. Kh1 Rg4 40. Qh2
Qe4+ 41. Qg2 Qxg2# {White checkmated} 0-1

[Event "Team 45 45 League T65"]
[Site "Internet Chess Club"]
[Date "2015.07.12"]
[Round "6"]
[White "PostMike"]
[Black "mongmong"]
[Result "0-1"]
[WhiteElo "1479"]
[BlackElo "1496"]
[Opening "French: Winawer, Alekhine gambit, Kan variation"]
[ECO "C15"]
[Time "07:30:27"]
[TimeControl "2700+45"]

1. e4 e6 2. d4 d5 3. Nc3 Bb4 4. Ne2 dxe4 5. a3 Bxc3+ 6. Nxc3 Nc6 7. Bb5 Ne7 8.
Nxe4 Qd5 9. Qd3 f5 10. Ng3 Qxg2 11. f3 a6 12. Bc4 Ng6 13. Bd2 Nh4 14. O-O-O Qxf3
15. Rde1 Qxd3 16. Bxd3 Nf3 17. Re3 Nxd2 18. Kxd2 O-O 19. Ne2 Bd7 20. Bc4 Rae8
21. Kd3 Kh8 22. Nf4 e5 23. Nd5 Nxd4 24. Nxc7 Bc6 25. Rhe1 Be4+ 26. Kc3 Rc8 27.
Rxe4 fxe4 28. Rxe4 Rxc7 29. Rxe5 Nb5+ 30. Kb4 Nd6 31. Bd3 g6 32. Re3 Nf5 33. Rh3
Kg7 34. Rf3 Nd4 35. Re3 Nxc2+ 36. Bxc2 Rxc2 37. Re7+ Rf7 {White resigns} 0-1

[Event "Team 45 45 League T65"]
[Site "Internet Chess Club"]
[Date "2015.07.12"]
[Round "6"]
[White "Percules"]
[Black "Greedy-Reedy"]
[Result "0-1"]
[WhiteElo "1655"]
[BlackElo "1882"]
[Opening "Scandinavian (center counter) defense"]
[ECO "B01"]
[Time "13:16:10"]
[TimeControl "2700+45"]

1. e4 d5 2. exd5 Qxd5 3. Nc3 Qa5 4. d4 Nf6 5. h3 Bf5 6. Nf3 c6 7. a3 e6 8. Nh4
Bg6 9. Bd2 Qb6 10. b3 Qxd4 11. Nxg6 hxg6 12. Qf3 Nbd7 13. Be2 Nd5 14. Qd3 Qxd3
15. Bxd3 Be7 16. O-O Bf6 17. Nxd5 cxd5 18. Rab1 O-O 19. b4 Rac8 20. Rfc1 Ne5 21.
Be2 Nc4 {White resigns} 0-1

[Event "Team 45 45 League T65"]
[Site "Internet Chess Club"]
[Date "2015.07.12"]
[Round "6"]
[White "unclevinny"]
[Black "Starstrom"]
[Result "0-1"]
[WhiteElo "1568"]
[BlackElo "1786"]
[Opening "Sicilian defense"]
[ECO "B40"]
[Time "15:08:42"]
[TimeControl "2700+45"]

1. e4 c5 2. Nf3 e6 3. c3 Nf6 4. d3 Nc6 5. Be2 Be7 6. O-O O-O 7. Re1 d6 8. Bf1
Rb8 9. Na3 a6 10. Nc2 e5 11. Ne3 g6 12. Nd5 Re8 13. Nxe7+ Qxe7 14. Bg5 Kg7 15.
Qd2 b5 16. h3 Nd8 17. Bh6+ Kg8 18. Nh2 Ne6 19. Re3 Nh5 20. g4 Nhf4 21. Rg3 g5
22. h4 gxh4 23. Rf3 Qf6 24. Bxf4 Nxf4 25. Kh1 Kh8 26. Re3 Rg8 27. f3 Bd7 28.
Ree1 h5 29. Be2 h3 30. Rg1 Qg5 31. Qd1 Rg7 32. gxh5 Qf6 33. Ng4 Bxg4 34. fxg4
Qh4 35. Qe1 Qg5 36. Qf2 Rbg8 37. Rae1 Ng2 38. Ref1 Nf4 39. Kh2 Qh6 40. Rg3 Rg5
41. Rfg1 Qe6 42. Bf1 Qxa2 43. Bxh3 Qe6 44. Qf3 a5 45. Qd1 a4 46. d4 cxd4 47.
cxd4 Nxh3 48. Rxh3 Rxg4 49. Rxg4 Qxg4 50. Qxg4 Rxg4 51. dxe5 dxe5 52. Rf3 Rf4
{White resigns} 0-1

[Event "Team 45 45 League T65"]
[Site "Internet Chess Club"]
[Date "2015.07.12"]
[Round "6"]
[White "stanbeers"]
[Black "Freeloshowers"]
[Result "1-0"]
[WhiteElo "1457"]
[BlackElo "1085"]
[Opening "Réti opening"]
[ECO "A04"]
[Time "20:01:38"]
[TimeControl "2700+45"]

1. Nf3 e6 2. g3 d5 3. Bg2 Nf6 4. O-O c5 5. c4 Be7 6. cxd5 exd5 7. Qb3 Be6 8.
Qxb7 Nbd7 9. Qb5 Rb8 10. Qa4 O-O 11. d3 Nb6 12. Qc2 d4 13. Ne5 Qd6 14. Nc6 Rbc8
15. Bf4 Qd7 16. Ne5 Qd8 17. Nc6 Qd7 18. Nxe7+ Qxe7 19. Nd2 c4 20. dxc4 Nxc4 21.
Nxc4 Bxc4 22. Qd1 Bxe2 23. Qxd4 Rfd8 24. Qa4 Bxf1 25. Rxf1 Rd7 26. Bh3 Rcd8 27.
Bxd7 Rxd7 28. b3 Qd8 29. b4 h6 30. a3 Nd5 31. b5 g5 32. Be5 Nc3 33. Bxc3 Re7 34.
Bf6 {Black resigns} 1-0

[Event "Team 45 45 League T65"]
[Site "Internet Chess Club"]
[Date "2015.07.12"]
[Round "6"]
[White "G-force"]
[Black "flacoligth"]
[Result "1/2-1/2"]
[WhiteElo "2103"]
[BlackElo "2012"]
[Opening "Queen's gambit declined"]
[ECO "D30"]
[Time "21:00:24"]
[TimeControl "2700+45"]

1. d4 d5 2. c4 e6 3. Nf3 Nf6 4. g3 Nbd7 5. Bg2 c6 6. Qc2 Bd6 7. O-O O-O 8. Nbd2
Re8 9. b3 e5 10. cxd5 cxd5 11. dxe5 Nxe5 12. Bb2 Nc6 13. e3 Be6 14. Ng5 Be5 15.
Bxe5 Nxe5 16. Ndf3 Rc8 17. Qb2 Nxf3+ 18. Nxf3 Re7 19. Rfc1 Rec7 20. Nd4 a6 21.
b4 Qd6 22. a3 Bd7 23. Ne2 Ne4 24. Rxc7 Rxc7 25. Nf4 Rc4 26. Rd1 Nc3 27. Rd3 Qf6
28. Qd2 Bc6 29. Nxd5 Nxd5 30. Bxd5 Bxd5 31. Rxd5 g6 32. Kg2 Qc6 33. h4 h5 34.
Qd1 Kf8 35. Qf3 b5 36. Rd8+ Ke7 37. Qxc6 Rxc6 38. Ra8 Ke6 39. Ra7 f5 40. Kf3 Kd5
41. Kf4 Kc4 42. Ke5 Kd3 43. Kd5 Rf6 44. Rc7 Ke2 45. Rc2+ Kd3 46. Ke5 Rb6 47. Rc5
Ke2 48. e4 fxe4 49. Kxe4 Kxf2 50. g4 hxg4 51. Kf4 Rd6 52. Kxg4 Rd3 53. Rc2+ Ke3
54. Kg5 {Game drawn by mutual agreement} 1/2-1/2

[Event "Team 45 45 League T65"]
[Site "Internet Chess Club"]
[Date "2015.07.10"]
[Round "6"]
[White "Agarnez"]
[Black "ChessRooklift"]
[Result "1-0"]
[WhiteElo "1896"]
[BlackElo "1866"]
[Opening "Queen's pawn game, Chigorin variation"]
[ECO "A40"]
[Time "19:01:17"]
[TimeControl "2700+45"]

1. d4 Nc6 2. Nf3 d5 3. c4 Nf6 4. Nc3 e6 5. Bg5 Be7 6. e3 O-O 7. a3 h6 8. Bh4 Re8
9. Qc2 Rb8 10. h3 dxc4 11. Bxc4 a6 12. Rc1 Nh7 13. Bxe7 Qxe7 14. O-O Ng5 15.
Nxg5 Qxg5 16. Ne4 Qg6 17. Bd3 f5 18. Nd2 Qf6 19. Nf3 Bd7 20. Rfd1 Rbc8 21. b4
Kh8 22. Bc4 Ne7 23. Ne5 Bb5 24. Bb3 Bc6 25. Nxc6 Nxc6 26. Ba4 f4 27. Bxc6 bxc6
28. Qxc6 Rf8 29. Qe4 fxe3 30. Qxe3 Qf7 31. Rc6 Rce8 32. Rxa6 Qf5 33. Rc6 Rf7 34.
Rdc1 Ref8 35. Rxe6 Qd5 36. Rc2 Qf5 37. Re2 Qb1+ 38. Re1 Qf5 39. f3 Qg5 40. Qxg5
hxg5 41. R1e5 Kh7 42. Re7 Rf4 43. Rxc7 Rxd4 44. Rxg5 Re8 45. Rgxg7+ Kh8 46. Rg4
Rd2 47. Re4 Rg8 48. Rh4# {Black checkmated} 1-0

[Event "Team 45 45 League T65"]
[Site "Internet Chess Club"]
[Date "2015.07.12"]
[Round "6"]
[White "ChiefPushesWood"]
[Black "roji"]
[Result "1-0"]
[WhiteElo "1869"]
[BlackElo "1926"]
[Opening "Pirc: Austrian attack, 6.Bd3"]
[ECO "B09"]
[Time "18:15:29"]
[TimeControl "2700+45"]

1. e4 d6 2. d4 Nf6 3. Nc3 g6 4. f4 Bg7 5. Nf3 O-O 6. Bd3 Nc6 7. O-O Bg4 8. Be3
e5 9. fxe5 dxe5 10. d5 Nd4 11. Be2 Nxe2+ 12. Qxe2 Ne8 13. h3 Bd7 14. Rad1 Nd6
15. b3 f5 16. exf5 e4 17. Nd4 Nxf5 18. Nxe4 Re8 19. Nxf5 Bxf5 20. Nc5 Qe7 21.
Rfe1 Bc3 22. d6 Qf7 23. d7 Red8 24. Rf1 b6 25. Rxf5 gxf5 26. Nb7 Bf6 27. Nxd8
Rxd8 28. Qd2 Qe6 29. Bg5 Kf7 30. Bxf6 Qxf6 31. Qf4 c5 32. Rd6 Qe7 33. Qxf5+ Kg8
34. Rd3 Kh8 35. g4 Rf8 36. Qxf8+ {Black resigns} 1-0

[Event "Team 45 45 League T65"]
[Site "Internet Chess Club"]
[Date "2015.07.10"]
[Round "6"]
[White "Axagus"]
[Black "jonesey"]
[Result "0-1"]
[WhiteElo "1708"]
[BlackElo "1887"]
[Opening "English: symmetrical, main line with d4"]
[ECO "A39"]
[Time "10:01:04"]
[TimeControl "2700+45"]

1. c4 c5 2. Nc3 Nf6 3. Nf3 Nc6 4. g3 g6 5. Bg2 Bg7 6. O-O O-O 7. d4 Nxd4 8. Nxd4
cxd4 9. Qxd4 d6 10. Qh4 Re8 11. Bg5 Be6 12. Bxb7 Rb8 13. Bc6 Nd7 14. Bd5 Rxb2
15. Ne4 Bxd5 16. cxd5 Rxe2 17. Rae1 Ne5 18. Kg2 Rxa2 19. Re3 Qa5 20. Bxe7 Qxd5
21. Bxd6 f5 22. Bxe5 Rxe5 23. Rc1 Rxe4 24. Rc8+ Re8+ 25. Kh3 Rxc8 26. Qf4 Qd4
27. Qf3 Qg4+ 28. Qxg4 fxg4+ 29. Kxg4 Rxf2 {White resigns} 0-1

[Event "Team 45 45 League T65"]
[Site "Internet Chess Club"]
[Date "2015.07.11"]
[Round "6"]
[White "Colombiano07"]
[Black "Pomberito"]
[Result "0-1"]
[WhiteElo "1857"]
[BlackElo "2048"]
[Opening "Ruy Lopez: exchange variation, 5.O-O"]
[ECO "C68"]
[Time "14:00:38"]
[TimeControl "2700+45"]

1. e4 e5 2. Nf3 Nc6 3. Bb5 a6 4. Bxc6 dxc6 5. O-O Bg4 6. h3 Bh5 7. d3 Bd6 8. Nc3
Nf6 9. Bg5 h6 10. Bh4 g5 11. Bg3 Qe7 12. d4 Bxf3 13. Qxf3 Nd7 14. Rad1 O-O-O 15.
Ne2 Rde8 16. Rfe1 h5 17. c4 c5 18. dxc5 Nxc5 19. b4 Ne6 20. c5 Bxc5 21. bxc5
Nxc5 22. Rd5 f6 23. Qe3 Ne6 24. Qa7 c6 25. Rd3 Qc5 26. Qxc5 Nxc5 27. Re3 Rd8 28.
f3 Rd2 29. Nc3 Rhd8 30. Bf2 Nd3 31. R1e2 Nf4 32. Rxd2 Rxd2 33. Re1 Rc2 34. Na4
Nd3 35. Rf1 b5 36. Nb6+ Kc7 37. Be3 Re2 38. a4 Rxe3 39. a5 Re1 40. Rxe1 Nxe1 41.
Kf2 Nd3+ 42. Ke3 Nc5 {White resigns} 0-1

[Event "Team 45 45 League T65"]
[Site "Internet Chess Club"]
[Date "2015.07.11"]
[Round "6"]
[White "f5"]
[Black "WCourson"]
[Result "1/2-1/2"]
[WhiteElo "2064"]
[BlackElo "1922"]
[Opening "Dutch: Staunton gambit, Staunton's line"]
[ECO "A83"]
[Time "14:00:37"]
[TimeControl "2700+45"]

1. d4 f5 2. e4 fxe4 3. Nc3 Nf6 4. Bg5 Nc6 5. d5 Ne5 6. Qe2 Nf7 7. h4 d6 8. O-O-O
b6 9. Nh3 Bb7 10. Nf4 Qd7 11. g3 Ng4 12. Bh3 Nfe5 13. Ne6 h5 14. Bf4 c6 15. Bxe5
dxe5 16. dxc6 Qxc6 17. Nb5 Kf7 18. Bxg4 hxg4 19. Nbc7 Rc8 20. Qxg4 Rh6 21. Nd8+
Rxd8 22. Rxd8 Qxc7 23. Rhd1 Qc6 {Game drawn by mutual agreement} 1/2-1/2

[Event "Team 45 45 League T65"]
[Site "Internet Chess Club"]
[Date "2015.07.10"]
[Round "6"]
[White "primerpaso"]
[Black "frank001"]
[Result "1-0"]
[WhiteElo "1850"]
[BlackElo "1841"]
[Opening "English: Anglo-Dutch defense"]
[ECO "A10"]
[Time "14:02:53"]
[TimeControl "2700+45"]

1. c4 f5 2. Nc3 Nf6 3. g3 g6 4. Bg2 Bg7 5. e4 fxe4 6. Nxe4 Nxe4 7. Bxe4 c6 8.
Ne2 d5 9. cxd5 cxd5 10. Bg2 Nc6 11. d4 Bg4 12. Be3 O-O 13. O-O e6 14. f3 Bf5 15.
g4 {Black resigns} 1-0

[Event "Team 45 45 League T65"]
[Site "Internet Chess Club"]
[Date "2015.07.11"]
[Round "6"]
[White "Signalman"]
[Black "CaoCao"]
[Result "0-1"]
[WhiteElo "1803"]
[BlackElo "1951"]
[Opening "Queen's pawn game"]
[ECO "A46"]
[Time "09:43:25"]
[TimeControl "2700+45"]

1. d4 Nf6 2. Nf3 c5 3. c3 cxd4 4. cxd4 e6 5. Bf4 d6 6. e3 a6 7. Nbd2 Be7 8. Bd3
O-O 9. Rc1 Nbd7 10. O-O b6 11. Nc4 Ne8 12. Re1 b5 13. Ncd2 Bb7 14. e4 g6 15. Bh6
Ng7 16. a4 b4 17. Nc4 Nb6 18. d5 Nxc4 19. Bxc4 e5 20. Qd2 a5 21. b3 f6 22. Bb5
Rb8 23. Bc6 Ba6 24. Red1 Rf7 25. Kh1 Bf8 26. Re1 Nh5 27. Bxf8 Qxf8 28. g3 f5 29.
Ng5 fxe4 30. Nxf7 Qxf7 31. Kg1 Nf6 32. Kg2 Rf8 33. h3 Bc8 34. Rcd1 Kg7 35. Qe2
Nh5 36. Rd2 Qf5 37. Qg4 Qxg4 38. hxg4 Bxg4 39. Rc2 Bf3+ 40. Kf1 Nf6 41. Bb7 Ng4
42. Rc7+ Kh6 43. Bc8 Nf6 44. Be6 e3 45. Rxe3 Bxd5 46. Bxd5 Nxd5 47. Rd3 Nxc7 48.
Rxd6 Rf7 49. Rc6 e4 50. Ke2 Nd5 {White resigns} 0-1

[Event "Team 45 45 League T65"]
[Site "Internet Chess Club"]
[Date "2015.07.12"]
[Round "6"]
[White "achessman"]
[Black "bondguy01"]
[Result "1-0"]
[WhiteElo "1928"]
[BlackElo "1786"]
[Opening "Ruy Lopez: Wormald (Alapin) attack"]
[ECO "C77"]
[Time "17:07:44"]
[TimeControl "2700+45"]

1. e4 e5 2. Nf3 Nc6 3. Bb5 a6 4. Ba4 Nf6 5. Qe2 b5 6. Bb3 Be7 7. c3 d5 8. exd5
Nxd5 9. Nxe5 Nxe5 10. Qxe5 Nf6 11. d4 O-O 12. Bg5 h6 13. Bh4 g5 14. Bxg5 hxg5
15. Qxg5+ Kh8 16. Nd2 Nh7 17. Qh5 Rg8 18. Qxf7 Bb7 19. Qxg8+ Qxg8 20. Bxg8 Rxg8
21. Rg1 Bd6 22. g3 Re8+ 23. Kd1 Ng5 24. Re1 Rf8 25. f4 Nf3 26. Re2 Ng1 27. Re3
Nh3 28. Kc2 Nf2 29. a4 Bc6 30. axb5 axb5 31. b3 Ng4 32. Re2 Nf6 33. c4 Rb8 34.
d5 Bd7 35. Nf3 Bf5+ 36. Kc1 bxc4 37. bxc4 Bg4 38. Re3 Bc5 39. Rd3 Bf5 40. Rda3
Bxa3+ 41. Rxa3 Rb1+ 42. Kd2 Ne4+ 43. Ke3 Nd6 44. Kd4 Rb4 45. Ra8+ Kg7 46. Ne5
Bh3 47. Kc5 Rb6 48. Ra7 Nb7+ 49. Kd4 Rb2 50. Kc3 Rb1 51. g4 Bf1 52. f5 Kf6 53.
Nc6 Bh3 54. Nd4 Bxg4 55. Nb5 Nd6 56. Na3 Rh1 57. Rxc7 Nxf5 58. Nb5 Rxh2 59. Kb4
Ke5 60. Kc5 Rd2 61. Rc8 Ne7 62. Re8 Kf6 63. Nd6 Re2 64. Rf8+ Ke5 65. Nb5 Rd2 66.
Re8 Kf6 67. Nd4 Nf5 68. Re6+ Kf7 69. Nxf5 Bxf5 70. Re1 Rc2 71. Kd4 Rd2+ 72. Kc3
Rc2+ 73. Kb4 Rb2+ 74. Kc5 Rc2 75. Kd4 Rd2+ 76. Ke5 Bd7 77. Kd6 Bf5 78. c5 Bh3
79. c6 Bg4 80. c7 Bh3 81. Rc1 Bc8 82. Rf1+ Ke8 83. Rh1 Rf2 84. Re1+ Kf8 85. Re4
Rf7 86. Kc6 Rf6+ 87. d6 Rg6 88. Re7 Rf6 89. Rd7 Ba6 90. Rd8+ Kf7 91. c8=Q Bxc8
92. Rxc8 Rf1 93. Kd7 Rd1 94. Rc4 Rd2 95. Rf4+ Kg6 96. Ke6 Re2+ 97. Kd5 Re8 98.
d7 Rd8 99. Kd6 Kg7 100. Ke7 Ra8 101. d8=Q Ra7+ 102. Ke8 Kg8 103. Qd5+ Kh7 104.
Qh5+ Kg7 105. Rg4+ {Black resigns} 1-0

[Event "Team 45 45 League T65"]
[Site "Internet Chess Club"]
[Date "2015.07.11"]
[Round "6"]
[White "beitmery"]
[Black "cityprosecutor"]
[Result "0-1"]
[WhiteElo "1648"]
[BlackElo "1816"]
[Opening "Benkö gambit"]
[ECO "A57"]
[Time "07:09:26"]
[TimeControl "2700+45"]

1. d4 Nf6 2. c4 c5 3. d5 b5 4. Nc3 b4 5. Na4 d6 6. Nf3 g6 7. Rb1 Bg7 8. e3 Qa5
9. b3 O-O 10. Bd3 Nbd7 11. Bd2 Nb6 12. Nxb6 axb6 13. a4 e6 14. e4 exd5 15. exd5
Re8+ 16. Be2 Bf5 17. Ra1 Bd3 18. Be3 Bxe2 19. Qxe2 Nxd5 20. O-O Nxe3 21. fxe3
Bxa1 22. Rxa1 Qa7 23. e4 Qe7 24. Re1 f5 25. e5 dxe5 26. Nxe5 Qd6 27. Qb2 Re6 28.
Nf3 Rxe1+ 29. Nxe1 Re8 30. Nf3 {White resigns} 0-1

[Event "Team 45 45 League T65"]
[Site "Internet Chess Club"]
[Date "2015.07.11"]
[Round "6"]
[White "Frankly"]
[Black "werty"]
[Result "0-1"]
[WhiteElo "1739"]
[BlackElo "1608"]
[Opening "Modern defense: Averbakh system"]
[ECO "A42"]
[Time "14:32:21"]
[TimeControl "2700+45"]

1. d4 d6 2. c4 g6 3. Nc3 Bg7 4. e4 b6 5. Nf3 Bb7 6. Be2 Nd7 7. O-O e6 8. Re1 Ne7
9. Bg5 h6 10. Be3 O-O 11. Qd2 Kh7 12. Rad1 Rc8 13. b4 f5 14. e5 Bxf3 15. Bxf3
dxe5 16. dxe5 Nxe5 17. Qe2 Nxf3+ 18. Qxf3 Qe8 19. Bd4 Bxd4 20. Rxd4 Nc6 21. Rd2
Nxb4 22. Rde2 Rf7 23. Rxe6 Qf8 24. Qg3 Qg7 25. Rc1 a5 26. Qf3 Re7 27. Rce1 Rxe6
28. Rxe6 Rf8 29. a3 Na6 30. Qe3 Nc5 31. Re5 Rf7 32. h3 Qf6 33. Nd5 Qg7 34. f3
Nd7 35. Re8 Nf6 36. Qe6 Nxe8 37. Qxe8 Qf8 38. Qe6 Qg7 39. Kh2 g5 40. a4 g4 41.
hxg4 fxg4 42. fxg4 Qg6 43. Qc8 Rg7 44. Qd8 Qd6+ 45. Qxd6 cxd6 46. Kh3 Rb7 47.
Kg3 Kg7 48. Kh4 Rf7 49. Nxb6 Rf4 50. Kg3 Rd4 51. Kf3 Kg6 52. g3 Kg5 53. Nc8 Rxc4
54. Nxd6 Rxa4 55. Nf7+ Kg6 56. Ne5+ Kf6 57. Nd7+ Ke7 58. Nb6 Ra3+ 59. Kf4 a4 60.
Nc4 Rb3 61. Nd2 Rb4+ 62. Kf5 Kf7 63. Nf3 Rb5+ 64. Kf4 a3 {White resigns} 0-1

[Event "Team 45 45 League T65"]
[Site "Internet Chess Club"]
[Date "2015.07.09"]
[Round "6"]
[White "alexping"]
[Black "kidcobra"]
[Result "1-0"]
[WhiteElo "1931"]
[BlackElo "1873"]
[Opening "Dutch with c4 & Nc3"]
[ECO "A85"]
[Time "13:09:58"]
[TimeControl "2700+45"]

1. d4 f5 2. c4 Nf6 3. Nc3 e6 4. Nf3 d5 5. Bg5 c6 6. e3 Bd6 7. Be2 O-O 8. O-O
Nbd7 9. Qc2 Qe8 10. c5 Bc7 11. b4 Ne4 12. Bf4 Bxf4 13. exf4 Ndf6 14. Ne5 Nxc3
15. Qxc3 Ne4 16. Qb2 Bd7 17. a4 a6 18. Bd3 Rb8 19. Bxe4 fxe4 20. Qd2 Qe7 21. f3
exf3 22. Rxf3 Be8 23. Re1 Rf6 24. g4 Bd7 25. Kg2 g6 26. g5 Rf5 27. Ng4 Rff8 28.
Rh3 Kh8 29. Ne5 Qg7 30. Rh6 Kg8 31. a5 Rf5 32. Rf1 Rbf8 33. Rf3 Be8 34. Qe3 Qe7
35. Ng4 R8f7 36. Nf6+ R5xf6 37. gxf6 Qxf6 38. Rhh3 Rg7 39. Rhg3 Bd7 40. Rg5 h6
41. Re5 Kh7 42. Qf2 Be8 43. Qg3 Qe7 44. Qg4 Bf7 45. Kf2 Qf6 46. Ke3 Rg8 47. h4
Rg7 48. Rf2 Rg8 49. Rg2 Rg7 50. Qg3 Rg8 51. Qf2 Rg7 52. Rg4 Rg8 53. Qc2 Rg7 54.
Qf2 Rg8 55. Qg3 Rg7 56. Qh3 Rg8 57. Rg1 Rg7 58. Ra1 Rg8 59. Rb1 Rg7 60. Rb2 Rg8
61. Rc2 Rg7 62. Rc1 Rg8 63. Kf3 Rg7 64. Kg3 Rg8 65. Qg4 Rg7 66. Rh1 Rg8 67. Qf3
Rg7 68. Rh2 Rg8 69. Qd3 Rg7 70. Qc2 Rg8 71. Kg4 Rg7 72. Rh1 Rg8 73. Rb1 Rg7 74.
Qc1 Rg8 75. Ra1 Rg7 76. Qc2 Rg8 77. Rg1 Rg7 78. Qd3 Rg8 79. Rd1 Rg7 80. Qe3 Rg8
81. Qf2 Rg7 82. Rg1 Rg8 83. Kf3 Rg7 84. Ke3 Rg8 85. Kd3 Rg7 86. Kc3 Rg8 87. Rg4
Rg7 88. Re1 Rg8 89. Reg1 Qf5 90. Qe3 Qf6 91. Qe5 Qxe5 92. fxe5 Kg7 93. Rf4 Rf8
94. Rgf1 Kg8 95. Rf6 Kg7 96. Kd2 Kg8 97. Ke3 Kg7 98. R1f4 Kg8 99. Kf2 Kg7 100.
Kg3 Kg8 101. Rf1 Kg7 102. R1f2 Kg8 103. h5 gxh5 104. Rxh6 Be8 105. Rxf8+ Kxf8
106. Rxe6 Kf7 107. Rf6+ Ke7 108. Kh4 Kd7 109. Kg5 Ke7 110. Rh6 Bf7 111. Kf5 Be8
112. Rh7+ Kd8 113. Kf6 h4 114. Rxh4 Bd7 115. e6 Bxe6 116. Kxe6 Kc7 117. Rh7+ Kb8
118. Kd6 Ka8 119. Kc7 Ka7 120. Rg7 Ka8 121. Kb6 Kb8 122. Rg8# {Black checkmated}
1-0

[Event "Team 45 45 League T65"]
[Site "Internet Chess Club"]
[Date "2015.07.13"]
[Round "6"]
[White "soccerisfun"]
[Black "bobhill"]
[Result "0-1"]
[WhiteElo "1770"]
[BlackElo "2030"]
[Opening "Sicilian: dragon, Yugoslav attack, 12.h4"]
[ECO "B79"]
[Time "23:01:34"]
[TimeControl "2700+45"]

1. e4 c5 2. Nf3 d6 3. d4 cxd4 4. Nxd4 Nf6 5. Nc3 g6 6. Be3 Bg7 7. f3 Nc6 8. Bc4
O-O 9. Qd2 Bd7 10. Bb3 Qa5 11. O-O-O Rfc8 12. h4 Ne5 13. h5 Nc4 14. Bxc4 Rxc4
15. Nde2 Nxh5 16. g4 Nf6 17. Bh6 Bh8 18. Kb1 Be6 19. Nd5 Qd8 20. Nef4 Bxd5 21.
Nxd5 Nxd5 22. Qxd5 Qb6 23. Bc1 Rc5 24. Qd2 Rb5 25. c4 Rb4 26. Qh2 h6 27. a3 Rb3
28. Rd2 Bg7 29. Rc2 g5 30. f4 Rxa3 31. e5 Qb3 32. Rc3 Qa2+ 33. Kc2 Rxc3+ 34.
Kxc3 dxe5 35. fxg5 e4+ 36. Kd2 Rd8+ 37. Ke1 Qb1 38. Qf4 e5 39. Qe3 Rd3 {White
resigns} 0-1

[Event "Team 45 45 League T65"]
[Site "Internet Chess Club"]
[Date "2015.07.12"]
[Round "6"]
[White "jon314159"]
[Black "Beetlejuice"]
[Result "1-0"]
[WhiteElo "1622"]
[BlackElo "1839"]
[Opening "Sicilian: closed"]
[ECO "B23"]
[Time "13:00:36"]
[TimeControl "2700+45"]

1. e4 c5 2. Nc3 a6 3. g3 b5 4. Bg2 Bb7 5. d3 e6 6. f4 d5 7. Nf3 Nf6 8. e5 Nfd7
9. O-O Nc6 10. Kh1 Be7 11. Ng5 Bxg5 12. fxg5 Ndxe5 13. Bf4 O-O 14. Qh5 Ng6 15.
Rae1 e5 16. Bd2 Nd4 17. Qd1 b4 18. Ne2 Ne6 19. h4 Qd7 20. Bh3 Rad8 21. Kh2 Qd6
22. c3 e4 23. Bf4 Nexf4 24. Nxf4 Ne5 25. Bg4 f5 26. gxf6 Rxf6 27. dxe4 dxe4 28.
Qb3+ c4 29. Qd1 bxc3 30. Be6+ Rxe6 31. Nxe6 Qxd1 32. Rxd1 Rxd1 33. Rf8# {Black
checkmated} 1-0

[Event "Team 45 45 League T65"]
[Site "Internet Chess Club"]
[Date "2015.07.13"]
[Round "6"]
[White "rubo"]
[Black "hondocando"]
[Result "0-1"]
[WhiteElo "1643"]
[BlackElo "1657"]
[Opening "Sicilian: Grand Prix attack, Schofman variation"]
[ECO "B23"]
[Time "15:30:19"]
[TimeControl "2700+45"]

1. e4 c5 2. Nc3 Nc6 3. f4 g6 4. Nf3 Bg7 5. Bc4 e6 6. f5 Nge7 7. fxe6 fxe6 8. d3
d5 9. Bb3 O-O 10. O-O Na5 11. Bg5 Nxb3 12. axb3 d4 13. Na4 b6 14. Bxe7 Qxe7 15.
Nxb6 Rb8 16. Nc4 e5 17. Qd2 Rb7 18. Ra3 Bg4 19. Qg5 Qe6 20. Nfxe5 Rxf1+ 21. Kxf1
Bxe5 22. Nxe5 Bd1 23. Qd8+ Kg7 24. Qd5 Qxd5 25. exd5 Kf6 26. Nc4 Bxc2 27. Ra6+
Kg5 28. Ke2 Rxb3 29. Ne5 Kf5 30. Nd7 Bxd3+ 31. Kd2 Bxa6 32. Nxc5 Rxb2+ 33. Kc1
Rb6 34. Ne6 Rxe6 {White resigns} 0-1

[Event "Team 45 45 League T65"]
[Site "Internet Chess Club"]
[Date "2015.07.13"]
[Round "6"]
[White "Bible-Believer"]
[Black "nosir"]
[Result "0-1"]
[WhiteElo "1469"]
[BlackElo "1478"]
[Opening "Sicilian: Najdorf, 6.Bg5"]
[ECO "B94"]
[Time "19:00:23"]
[TimeControl "2700+45"]

1. e4 c5 2. Nf3 d6 3. d4 cxd4 4. Nxd4 Nf6 5. Nc3 a6 6. Bg5 e5 7. Nb3 Be7 8. Be2
Nbd7 9. Qd2 b5 10. f3 Bb7 11. O-O-O b4 12. Nd5 Nxd5 13. Bxe7 Nxe7 14. Qxd6 Nc6
15. Na5 Nxa5 16. Qxb4 Qb6 17. Qd2 Rd8 {White resigns} 0-1

[Event "Team 45 45 League T65"]
[Site "Internet Chess Club"]
[Date "2015.07.08"]
[Round "6"]
[White "g8wrb"]
[Black "GideonL"]
[Result "1-0"]
[WhiteElo "1403"]
[BlackElo "1483"]
[Opening "French: Tarrasch"]
[ECO "C03"]
[Time "13:45:26"]
[TimeControl "2700+45"]
1. e4 {0:45:45} e6 {0:45:45} 2. d4 {0:46:28} d5 {0:44:58} 3. Nd2 {0:47:08}
dxe4 {0:45:33} 4. Nxe4 {0:47:50} Nc6 {0:43:49} 5. Nf3 {0:47:45} Bb4+
{0:42:59} 6. c3 {0:48:10} Bd6 {0:43:30} 7. Bd3 {0:48:32} Nf6 {0:43:34} 8.
Bg5 {0:48:41} Be7 {0:44:13} 9. O-O {0:48:49} O-O {0:44:45} 10. Qc2 {0:47:53}
h6 {0:44:45} 11. Bh4 {0:47:51} Nxe4 {0:42:55} 12. Bxe7 {0:48:21} Qxe7
{0:43:36} 13. Bxe4 {0:48:54} f5 {0:44:06} 14. Bd3 {0:49:09} Qf6 {0:44:23}
15. Rfe1 {0:49:26} Bd7 {0:44:19} 16. Ne5 {0:44:29} Nxe5 {0:45:13} 17. dxe5
{0:45:12} Qe7 {0:45:57} 18. Rad1 {0:45:29} Bc6 {0:46:32} 19. Bc4 {0:43:17}
Rfe8 {0:47:01} 20. Qxf5 {0:43:29} Bd7 {0:47:23} 21. Qg6 {0:43:17} b5
{0:47:28} 22. Bd3 {0:43:24} Qg5 {0:42:39} 23. Qxg5 {0:41:57} hxg5 {0:43:02}
24. Re4 {0:39:02} Bc6 {0:42:50} 25. Rg4 {0:39:06} a6 {0:42:54} 26. Rxg5
{0:39:26} {Black resigns} 1-0

[Event "Team 45 45 League T65"]
[Site "Internet Chess Club"]
[Date "2015.07.12"]
[Round "6"]
[White "sdcohle"]
[Black "SeniorCitizen"]
[Result "1/2-1/2"]
[WhiteElo "1437"]
[BlackElo "1364"]
[Opening "QGD: Marshall defense"]
[ECO "D06"]
[Time "14:00:39"]
[TimeControl "2700+45"]

1. d4 d5 2. c4 Nf6 3. cxd5 Qxd5 4. Nc3 Qd8 5. Nf3 Bf5 6. Qb3 Qc8 7. Ne5 Be6 8.
d5 Bd7 9. Bg5 h6 10. Bxf6 exf6 11. Nxd7 Nxd7 12. e4 a6 13. Be2 Nb6 14. O-O Bd6
15. Rac1 O-O 16. Na4 Nxa4 17. Qxa4 b5 18. Qb3 Re8 19. f3 Qb7 20. a4 Qb6+ 21. Kh1
Rab8 22. axb5 axb5 23. Rc6 Qa5 24. Qd3 Rb6 25. Rxb6 Qxb6 26. Qxb5 Qxb5 27. Bxb5
Rb8 28. Bd3 Rxb2 29. Rb1 Rxb1+ 30. Bxb1 g6 31. g4 Bf4 32. h3 g5 33. Kg2 Kf8 34.
Bd3 Ke7 35. Bb5 Kd8 36. Kf2 Ke7 37. Ke2 Kd8 38. Kd3 Ke7 39. Kc4 Bd6 40. Bc6 Kf8
41. Kb5 Kg7 42. Bd7 Kf8 43. Kc6 Ke7 44. Bf5 Kd8 45. Bd7 Ke7 46. Bf5 Kd8 47. Bh7
Ke7 48. Kb7 Kd8 49. Bg8 Ke7 50. Kc8 Kf8 51. Bh7 Ke7 52. Bf5 Be5 53. Bd7 Bd6 54.
Bf5 Bf4 {Game drawn by mutual agreement} 1/2-1/2